 Dungeon Crawl Stone Soup version 0.27.0-1-g7a089689b8 (webtiles) character file.

Game seed: 10963699202166973982

30 garrulousMonolith the Shield-Bearer (level 3, -1/23 HPs)
             Began as a Gargoyle Fighter on Aug 10, 2021.
             Slain by Crazy Yiuf (7 damage)
             ... on level 2 of the Dungeon.
             The game lasted 00:01:28 (2074 turns).

garrulousMonolith the Shield-Bearer (GrFi)          Turns: 2074, Time: 00:01:29

Health: -1/23      AC: 11    Str: 19    XL:     3   Next: 20%
Magic:  3/3        EV:  7    Int:  9    God:
Gold:   87         SH:  9    Dex:  9    Spells: 2/2 levels left

rFire    . . .     SeeInvis +   a - +0 flail
rCold    . . .     Faith    .   c - +0 kite shield
rNeg     + . .     Spirit   .   b - +0 scale mail
rPois    ∞         Reflect  .   (no helmet)
rElec    +         Harm     .   (no cloak)
rCorr    .         Rampage  .   i - +0 pair of gloves
Will     .....                  (no boots)
Stlth    ..........             (no amulet)
HPRegen  0.07/turn              l - ring of see invisible
MPRegen  0.08/turn              (no ring)

@: mighty, very slightly contaminated, invisible
A: sickness immunity, AC +3, negative energy resistance 1, electricity
resistance, torment resistance 1, petrification resistance
a: no special abilities


You were on level 2 of the Dungeon.
You visited 1 branch of the dungeon, and saw 2 of its levels.

You collected 87 gold pieces.

Inventory:

Hand Weapons
 a - a +0 flail (weapon)
 h - a +3 dagger
Missiles
 g - 7 javelins (quivered)
 o - 10 poisoned darts
Armour
 b - a +0 scale mail (worn)
 c - a +0 kite shield (worn)
 i - a +0 pair of gloves (worn)
Jewellery
 l - a ring of see invisible (left hand)
Scrolls
 f - a scroll of acquirement {unknown}
 j - a scroll of holy word {unknown}
 m - a scroll of identify {unknown}
 n - a scroll of magic mapping {unknown}
Potions
 e - a potion of attraction {unknown}
 k - a potion of flight {unknown}


   Skills:
 + Level 3.5 Fighting
 * Level 2.7 Maces & Flails
 + Level 3.6 Armour
 + Level 3.6 Shields


You had 2 spell levels left.
You didn't know any spells.
Your spell library contained the following spells:

 Spells                   Type           Power      Damage    Failure   Level
 Magic Dart               Conj           0%         1d3       99%         1
 Searing Ray              Conj           0%         3d3       100%        2
 Fulminant Prism          Conj/Hex       0%         3d6       100%        4


Dungeon Overview and Level Annotations

Branches:
Dungeon (2/15)

Altars:

Annotations:
D:2 Crazy Yiuf


Innate Abilities, Weirdness & Mutations

You are immune to sickness and miasma.
Your stone body is resilient. (AC +3)
You are immune to poison.
You resist negative energy. (rN+)
You are resistant to electric shocks. (rElec)
You are resistant to unholy torment.
You are immune to petrification.


Message History

There is an open door here.
You open the door.
Found a stone staircase leading up.
There is a stone staircase leading up here.
There is an open door here.
There is an escape hatch in the floor here.
Found 5 bolts.
You see here 5 bolts.
You now have 87 gold pieces (gained 11).
You see here 21 arrows.
There is an escape hatch in the floor here.
Crazy Yiuf shouts!
You feel very mighty all of a sudden.
You open the door. You hit Crazy Yiuf.
Crazy Yiuf is lightly wounded.
Crazy Yiuf laughs, "Island action stair!"
You block Crazy Yiuf's attack.
You thump Crazy Yiuf!
Crazy Yiuf is heavily wounded.
You block Crazy Yiuf's attack.
Crazy Yiuf screams, "Line!
Ghoul leg hog."
Crazy Yiuf hits you but does no damage.
You closely miss Crazy Yiuf.
Crazy Yiuf is heavily wounded.
Crazy Yiuf hits you with a +3 quarterstaff of chaos!
Crazy Yiuf burns you.
You sock Crazy Yiuf!
Crazy Yiuf is almost dead.
Crazy Yiuf screams, "Nubble sing light!"
Crazy Yiuf barely misses you.
Crazy Yiuf yells, "Mama!
Hack aubergine snockshim."
Crazy Yiuf hits you with a +3 quarterstaff of chaos!
* * * LOW HITPOINT WARNING * * *
You fade into invisibility!
You are very lightly contaminated with residual magic.
You closely miss Crazy Yiuf.
Crazy Yiuf is almost dead.
Crazy Yiuf hits you with a +3 quarterstaff of chaos!
You die...

##..###########...()
#....# ###### ♣♣...♣
# ♣...♣♣ # ♣♣.♣♣ #
♣.♣♣ # ♣♣.♣ ♣.♣♣
♣♣@♣ #g# ... #...#
#..)# #####


You could see Crazy Yiuf.

Vanquished Creatures
  An adder (D:2)
  A worm (D:2)
  A dart slug (D:1)
  A ball python (D:1)
  An endoplasm (D:2)
  A giant cockroach (D:1)
  3 goblins
  2 bats (D:1)
  2 frilled lizards (D:2)
  3 kobolds
  A rat (D:1)
17 creatures vanquished.

Notes
Turn   | Place    | Note
-------+----------+-------------------------------------------
     0 | D:1      | garrulousMonolith the Gargoyle Fighter began the quest for
                  | the Orb.
     0 | D:1      | Reached XP level 1. HP: 14/14 MP: 1/1
   221 | D:1      | Found a faded altar of an unknown god.
   336 | D:1      | Reached XP level 2. HP: 19/19 MP: 2/2
  1300 | D:2      | Reached XP level 3. HP: 21/23 MP: 3/3
  1683 | D:2      | Found a runed translucent door.
  1684 | D:2      | Noticed Crazy Yiuf
  2074 | D:2      | Slain by Crazy Yiuf

Illustrated notes

Levels and vault maps discovered:
D:1:      sevenhm_arrival_forest_fort_large_2, layout_loops_ring,
          ebering_ecumenical_altar_box
D:2:      layout_basic, uniq_crazy_yiuf_cottage

Action                   || total
-------------------------++-------
Melee: Flail             ||    73
  Use: Potion            ||     1
Armor: Scale mail        ||    27
Dodge: Dodged            ||    26
Block: Kite shield       ||    37
